 Dungeon Crawl Stone Soup version 0.30.1-3-gfc49f6343a (webtiles) character file.

Game seed: 4329966555231546630

143 cheesebisquit the Chopper (level 5, -1/47 HPs)
             Began as a Hill Orc Monk on July 27, 2023.
             Was a Follower of Uskayaw.
             Succumbed to a gnoll's poison
             ... on level 3 of the Dungeon.
             The game lasted 00:04:53 (2177 turns).

cheesebisquit the Chopper (Hill Orc Monk)           Turns: 2177, Time: 00:04:54

Health: -1/47      AC: 12    Str: 16    XL:     5   Next: 25%
Magic:  5/5        EV:  5    Int: 10    God:    Uskayaw [*.....]
Gold:   152        SH:  0    Dex: 13    Spells: 4/4 levels left

rFire   . . .        e - +0 war axe
rCold   + . .        d - orb {light}
rNeg    . . .        p - +0 plate armour
rPois   .            (no helmet)
rElec   .            (no cloak)
rCorr   .            (no gloves)
SInv    .            q - +0 pair of boots
Will    .....        (no amulet) Stlth
                     j - ring of protection from cold
HPRegen 0.27/turn    (no ring)
MPRegen 0.09/turn

%: no passive effects
@: lethally poisoned (-1 -> -34), attractive, flying, glowing
A: no striking features
a: Renounce Religion, Stomp


You were on level 3 of the Dungeon.
You worshipped Uskayaw.
Uskayaw was noncommittal.
You visited 1 branch of the dungeon, and saw 3 of its levels.

You collected 152 gold pieces.

Inventory:

Hand Weapons
 e - a +0 war axe (weapon)
Missiles
 m - 3 poisoned darts (quivered)
Armour
 d - an orb of light (worn)
 p - a +0 plate armour (worn)
 q - a +0 pair of boots (worn)
Jewellery
 j - a ring of protection from cold (left hand)
Scrolls
 a - 2 scrolls of teleportation {unknown}
 b - 2 scrolls of fear {unknown}
 i - 4 scrolls of identify {unknown}
 l - 2 scrolls of vulnerability {unknown}
 n - a scroll of acquirement {unknown}
Potions
 f - a potion of cancellation {unknown}
 g - a potion of invisibility {unknown}
 h - a potion of degeneration {unknown}
 k - a potion of attraction
 o - 2 potions of flight


   Skills:
 + Level 4.6 Fighting
 * Level 6.1 Axes
 + Level 2.4 Armour
 - Level 2.4 Dodging


You had 4 spell levels left.
You didn't know any spells.
Your spell library contained the following spells:

 Spells                   Type           Power      Damage    Failure   Level
 Ensorcelled Hibernation  Hex/Ice        0%         N/A       100%        2
 Frozen Ramparts          Ice            0%         1d1       100%        3
 Ignite Poison            Fire/Tmut/Pois 0%         N/A       100%        3
 Spider Form              Tmut/Pois      0%         N/A       100%        3
 Anguish                  Hex/Necr       0%         N/A       100%        4
 Ice Form                 Ice/Tmut       0%         N/A       100%        4
 Sticky Flame             Conj/Fire      0%         2d3       100%        4
 Summon Ice Beast         Ice/Summ       0%         N/A       100%        4
 Ignition                 Fire           0%         3d3       100%        8


Dungeon Overview and Level Annotations

Branches:
Dungeon (3/15)

Altars:
Uskayaw


Message History

You bump into the rock wall.
You feel very sick. The hound bites you but does no damage.
The gnoll hits you from afar with a +1 spear of venom!
You are lethally poisoned!
You hit the hound.
The hound is severely wounded.
You hit the bush but do no damage. x2
You feel extremely sick. The hound completely misses you.
The gnoll hits you but does no damage. The hound bites you.
You can now pass through a line of other dancers.
You feel very sick.
You're too confused to move!
You feel less invigorated.
You feel less confused.
You feel very sick. The hound bites you but does no damage.
The gnoll hits you but does no damage.
You are more poisoned.
The hound bites you but does no damage.
You closely miss the hound.
The hound is severely wounded.
You hit the bush but do no damage.
You feel very sick. The hound bites you.
* * * LOW HITPOINT WARNING * * *
The gnoll hits you from afar with a +1 spear of venom.
* * * LOW HITPOINT WARNING * * *
You are more poisoned.
The hound bites you but does no damage.
You can no longer pass through a line of other dancers.
It was a potion of flight.
You feel very buoyant.
You fly up into the air.
* * * LOW HITPOINT WARNING * * *
You feel very sick. The hound bites you but does no damage.
The gnoll hits you but does no damage.
You are more poisoned.
It was a potion of attraction.
You feel attractive to monsters.
You die...

#### <†.# ...##############
.....##.........# #
.(.#..#.........# #
##..#...<.......# #### #
##.##..........# #..# #
#.##...###....#### #.## #
#..###..##....@..# #.# ## ##.#
##..#..PhP..# #####.####.
#.#####..###g#######.....>....
#........# +.. ##....###.####.
#######..# #...#..######.####.
##.# +...#.## #..##...
#.#######.######.##..#.
#....###......(.....##.
###...###..####.######.


You could see a hound and a gnoll.

Vanquished Creatures
  Natasha (twice) (D:3)
  6 adders
  2 dart slugs
  3 orcs (D:3)
  6 ball pythons
  4 endoplasms
  A goblin (D:2)
  A hobgoblin (D:3)
  2 quokkas
  3 bats (D:2)
  A frilled lizard (D:1)
  8 kobolds
  2 rats
41 creatures vanquished.

Notes
Turn   | Place    | Note
-------+----------+-------------------------------------------
     0 | D:1      | cheesebisquit the Hill Orc Monk began the quest for the
                  | Orb.
     0 | D:1      | Reached XP level 1. HP: 19/19 MP: 1/1
   278 | D:1      | Reached XP level 2. HP: 27/27 MP: 2/2
   548 | D:1      | Found a faded altar of an unknown god.
   908 | D:2      | Reached skill level 1 in Armour
   957 | D:2      | Reached XP level 3. HP: 33/33 MP: 3/3
   985 | D:2      | Reached skill level 5 in Axes
  1740 | D:3      | Reached XP level 4. HP: 40/40 MP: 4/4
  1849 | D:3      | Found a hide-covered altar of Uskayaw.
  1849 | D:3      | Noticed Natasha
  1857 | D:3      | Killed Natasha
  1906 | D:3      | Noticed Natasha
  1910 | D:3      | Reached XP level 5. HP: 47/47 MP: 5/5
  1911 | D:3      | Killed Natasha
  1912 | D:3      | Reached skill level 6 in Axes
  1948 | D:3      | Became a worshipper of Uskayaw the Reveller
  1948 | D:3      | Reached * piety under Uskayaw
  2172 | D:3      | Reached ** piety under Uskayaw
  2177 | D:3      | Succumbed to a gnoll's poison

Illustrated notes

Levels and vault maps discovered:
D:1:      amcnicky_arrival_double_pillar, layout_basic, basic_ecumenical_altar,
          reono_crystal_passage
D:2:      minmay_evil_eye, layout_loops_ring, serial_bayou_crossing
D:3:      layout_rooms, nicolae_uskayaw_suspiria, cheibrodos_gnoll_hut,
          uniq_natasha

Skill      XL: |  1  2  3  4  5 |
---------------+----------------+-----
Armour         | 1 2 |  2.4
Fighting       | 4 |  4.6
Axes           | 5 6 |  6.1
Dodging        | |  2.4

Action                     |  1- 3 |  4- 6 || total
---------------------------+-------+-------++-------
  Melee: Hand axe          |    70 |       ||    70
         War axe           |     7 |    33 ||    40
    Use: Potion            |       |     3 ||     3
 Armour: Robe              |     1 |       ||     1
         Chain mail        |    33 |     4 ||    37
         Ring mail         |     6 |       ||     6
         Plate armour      |       |    24 ||    24
  Dodge: Dodged            |    30 |    15 ||    45
